 Dungeon Crawl Stone Soup version 0.31-a0-1540-g5a0b83f448 (webtiles) character file.

Game seed: 1062914860327628242

29 dialectric the Sneak (level 3, -6/26 HPs)
             Began as an Octopode Delver on Jan 2, 2024.
             Splashed by a jelly's acid (10 damage)
             ... on level 5 of the Dungeon.
             The game lasted 00:01:31 (251 turns).

dialectric the Sneak (Octopode Delver)               Turns: 251, Time: 00:01:32

Health: -6/26      AC: -3    Str: 11    XL:     3   Next: 16%
Magic:  3/3        EV: 13    Int: 12    God:
Gold:   25         SH:  0    Dex: 15    Spells: 2/2 levels left

rFire   . . .        a - +0 short sword
rCold   . . .        (no shield)
rNeg    . . .        (helmet restricted)
rPois   .            (no amulet)
rElec   .            (no ring)
rCorr   .            (no ring)
SInv    .            (no ring)
Will    .....        (no ring)
Stlth   ++++         (no ring)
HPRegen 0.24/turn    (no ring)
MPRegen 0.08/turn    (no ring)
                     (no ring)

%: no passive effects
@: corroded
A: almost no armour, amphibious, 8 rings, camouflage 1, gelatinous body 1,
(nimble swimmer 1), tentacles
a: no special abilities


You were on level 5 of the Dungeon.
You visited 1 branch of the dungeon, and saw 2 of its levels.

You collected 25 gold pieces.

Inventory:

Hand Weapons
 a - a +0 short sword (weapon)
Wands
 f - a wand of digging (3)
Scrolls
 b - a scroll of fog
 c - a scroll of revelation
 d - a scroll of fear
 g - a scroll of identify {unknown}
Potions
 e - a potion of haste


   Skills:
 + Level 3.3 Fighting
 + Level 2.4 Short Blades
 + Level 2.4 Dodging
 + Level 6.9 Stealth


You had 2 spell levels left.
You didn't know any spells.
Your spell library was empty.

Dungeon Overview and Level Annotations

Branches:
Dungeon (6/15)
 Temple: D:4-7

Altars:
Sif Muna

Portals:
Sewer: D:5


Innate Abilities, Weirdness & Mutations

You cannot wear most types of armour.
You are amphibious.
You can wear up to eight rings at the same time.
Your skin changes colour to match your surroundings (Stealth+).
Your rubbery body absorbs attacks. (AC +1, EV +1)
((You are camouflaged when in or above water. (Stealth+)))
You have tentacles for arms and can constrict up to eight enemies at once.


Message History

You hit the bombardier beetle but do no damage.
The bombardier beetle is severely wounded.
You constrict the bombardier beetle, but do no damage.
You hit the bombardier beetle but do no damage.
The bombardier beetle is severely wounded.
You constrict the bombardier beetle.
The bombardier beetle barely misses you.
You hit the bombardier beetle. You squeeze the bombardier beetle.
You kill the bombardier beetle!
You have reached level 2!
You have reached level 3!
Your experience leads to an increase in your attributes!
Increase (S)trength, (I)ntelligence, or (D)exterity?
You feel agile. x2
Unknown command.
You hear the slow hiss of a very distant avalanche of sand.
Found an escape hatch in the ceiling.
There is an escape hatch in the ceiling here.
There is an escape hatch in the ceiling here.
A mysterious force pulls you upwards. The hatch slams shut behind you.
You hear the sound of rushing water.
There is an entrance to a sewer on this level.
Hurry and find it before the portal rusts away!
You hear the rusting of a drain very nearby.
The adder hisses angrily.
You hear an angry hiss.
Unknown command.
Found a glowing drain.
A jelly comes into view.
The jelly quivers.
The adder hisses angrily. x2
You hit the jelly.
Your tentacles burn!
The jelly is lightly wounded.
The jelly hits you. The acid corrodes you!
You are splashed with acid!
* * * LOW HITPOINT WARNING * * *
You hit the jelly but do no damage.
Your tentacles burn!
* * * LOW HITPOINT WARNING * * *
The jelly is lightly wounded.
The jelly hits you.
* * * LOW HITPOINT WARNING * * *
You are splashed with acid!
You die...

######### ........#
........# ........#
........# ......J.##
.......@.# ...##+##.#
...#SSS#.############
...#~SB#.............
... ...#~∩~#......##
### ...
...#~~~#......# ..#
.?.. ...#~~~#......#
..#...#
##.#####......#
..#...#
#............#


You could see a jelly, 4 adders and a giant cockroach.

Vanquished Creatures
  A bombardier beetle (D:6)
1 creature vanquished.

Notes
Turn   | Place    | Note
-------+----------+-------------------------------------------
     0 | D:5      | dialectric the Octopode Delver began the quest for the Orb.
     0 | D:5      | Reached XP level 1. HP: 16/16 MP: 1/1
    30 | D:5      | Noticed a scorpion
    54 | D:5      | Noticed a bombardier beetle
   121 | D:5      | Noticed a hound
   122 | D:5      | Noticed an orc wizard
   122 | D:5      | Noticed an orc wizard
   122 | D:5      | Noticed an orc wizard
   137 | D:5      | Found a shimmering blue altar of Sif Muna.
   200 | D:6      | Noticed a bombardier beetle
   214 | D:6      | Killed a bombardier beetle
   215 | D:6      | Reached XP level 2. HP: 13/21 MP: 2/2
   215 | D:6      | Reached XP level 3. HP: 16/26 MP: 3/3
   239 | D:5      | Found a glowing drain.
   251 | D:5      | Splashed by a jelly's acid

Illustrated notes

Levels and vault maps discovered:
D:5:      layout_basic, mainiacjoe_overflow_boulevard, led_sif_pool,
          minmay_temple_entry_junction, gup_sewer_entry_glass
D:6:      layout_layer_cave, nicolae_ossuary_entry_plus, uniq_jeremiah

Action                     || total
---------------------------++-------
  Melee: Short sword       ||    11
         Tentacles         ||     3
         Constrict         ||     1
 Armour: Skin              ||     3
  Dodge: Dodged            ||     4

Table legend: (Time is in decaauts)
 A = Elapsed time spent in this place.
 B = Non-inter-level travel time spent in this place.
 C = Inter-level travel time spent in this place.
 D = Time resting spent in this place.
 E = Time spent auto-exploring this place.
 F = Levels seen in this place.
 G = Mean time per level.
                   A        B        C        D        E       F      G
               +--------+--------+--------+--------+--------+-----+--------+
         Total |    249 |    249 |      0 |      0 |     44 |   2 |  124.5 |
       Dungeon |    249 |    249 |      0 |      0 |     44 |   2 |  124.5 |
               +--------+--------+--------+--------+--------+-----+--------+

Top non-repeatable levels by time:
     D:5: 176 daAuts
     D:6: 72 daAuts
